 Dungeon Crawl Stone Soup version 0.27-a0-1191-g601b473118 (webtiles) character file.

Game seed: 5088927329063395660

32347 st0uf the Carver (level 13, -19/171 HPs)
             Began as a Green Draconian Berserker on May 23, 2021.
             Was a High Priest of Trog.
             Demolished by a frost giant
             ... wielding a +2 battleaxe of freezing
              (32 damage)
             ... on level 13 of the Dungeon.
             The game lasted 00:54:24 (19475 turns).

st0uf the Carver (Green Draconian Berserker)       Turns: 19475, Time: 00:54:25

Health: -19/171    AC: 13    Str: 20    XL:     13   Next: 30%
Magic:  13/13      EV: 21    Int:  8    God:    Trog [*****.]
Gold:   905        SH:  5    Dex: 15    Spells: 12/12 levels left

rFire    . . .     SeeInvis +   P - +3 falchion (venom)
rCold    . . .     Faith    .   (no shield)
rNeg     . . .     Spirit   .   (armour unavailable)
rPois    +         Reflect  +   K - +2 hat
rElec    +         Harm     .   s - +0 cloak {rPois}
rCorr    .         Rampage  +   n - +0 pair of gloves
Will     .....     NoCast   +   y - +0 pair of boots
Stlth    ..........             L - amulet "Ifrioc" {Reflect -Cast Rampage rElec SH+5}
HPRegen  0.38/turn              p - +4 ring of evasion
MPRegen  0.13/turn              G - ring of see invisible

@: berserking, short of breath, weak-willed, very quick
A: breathe noxious fumes, AC +8, unfitting armour, poison resistance,
cold-blooded
a: Breathe Noxious Fumes, Renounce Religion, Berserk, Trog's Hand, Brothers in
Arms


You were on level 13 of the Dungeon.
You worshipped Trog.
Trog was extremely pleased with you.
You visited 1 branch of the dungeon, and saw 13 of its levels.
You also visited: Sewer.

You collected 905 gold pieces.

Inventory:

Hand Weapons
 P - a +3 falchion of venom (weapon)
 U - a +2 antimagic long sword
Missiles
 z - a throwing net
 H - a curare-tipped dart
Armour
 n - a +0 pair of gloves (worn)
 s - a +0 cloak of poison resistance (worn)
 y - a +0 pair of boots (worn)
 K - a +2 hat (worn)
Jewellery
 e - an amulet of faith
 p - a +4 ring of evasion (left hand)
 D - a +6 ring of intelligence
 G - a ring of see invisible (right hand)
 L - the amulet "Ifrioc" (around neck) {Reflect -Cast Rampage rElec SH+5}
   (You found it on level 9 of the Dungeon)

   [amulet of reflection]

   It reflects blocked missile attacks.
   It insulates you from electricity.
   It prevents spellcasting.
   It affects your SH (+5).
   It bestows one free step when moving towards enemies.
 N - a +4 ring of evasion
 O - a ring of fire
Wands
 a - a wand of charming (19)
 o - a wand of flame (42)
 x - a wand of polymorph (33)
 I - a wand of digging (6)
 Q - a wand of acid (4)
 T - a wand of mindburst (11)
Scrolls
 b - 5 scrolls of amnesia {unknown}
 c - 6 scrolls of teleportation {unknown}
 d - 2 scrolls of noise {unknown}
 f - 4 scrolls of immolation {unknown}
 g - 2 scrolls of fear {unknown}
 i - 11 scrolls of identify {unknown}
 j - 4 scrolls of magic mapping {unknown}
 l - 3 scrolls of enchant weapon {unknown}
 t - 3 scrolls of vulnerability {unknown}
 B - a scroll of holy word {unknown}
 E - 2 scrolls of blinking {unknown}
 J - a scroll of torment {unknown}
 M - a scroll of enchant armour {unknown}
 V - a scroll of fog {unknown}
Potions
 h - 4 potions of heal wounds {unknown}
 k - 3 potions of curing
 m - 2 potions of berserk rage
 q - 2 potions of attraction {unknown}
 r - a potion of cancellation {unknown}
 u - 4 potions of brilliance {unknown}
 v - a potion of degeneration {unknown}
 w - 2 potions of lignification {unknown}
 A - a potion of ambrosia {unknown}
 C - 3 potions of mutation {unknown}
 F - 3 potions of flight {unknown}
 R - a potion of might {unknown}
 S - a potion of magic {unknown}


   Skills:
 + Level 10.4 Fighting
 + Level 13.0 Long Blades
 + Level 9.5 Dodging
 - Level 8.0 Stealth
 + Level 3.9 Shields
 * Level 10.3 Evocations


You had 12 spell levels left.
You didn't know any spells.
Your spell library was empty.

Dungeon Overview and Level Annotations

Branches:
Dungeon (13/15)            Temple (0/1) D:6            Lair (0/6) D:8
    Orc (0/2) D:10         Vaults (0/5) D:13          Sewer (visited)

Altars:
Ashenzari
Dithmenos
Elyvilon
Gozag
Hepliaklqana
Makhleb
Okawaru
Qazlal
Ru
Sif Muna
Trog
Vehumet
Xom
Yredelemnul
Beogh

Shops:
D:2 *

Annotations:
D:7 exclusion: door
D:12 exclusion: 3 doors
D:13 1 runed translucent door


Innate Abilities, Weirdness & Mutations

You can breathe blasts of noxious fumes.
Your lurid green scales are hard. (AC +8)
You cannot fit into any form of body armour.
Your system is resistant to poisons. (rPois)
You are cold-blooded and may be slowed by cold attacks.


Message History

You slash the phantasmal warrior!
The phantasmal warrior is almost destroyed.
The phantasmal warrior hits you!!
You slash the phantasmal warrior!
You destroy the phantasmal warrior!
Trog accepts your kill.
You rampage towards the frost giant!
You hit the frost giant but do no damage.
You tail-slap the frost giant.
The frost giant is lightly wounded.
The frost giant hits you with a +2 battleaxe of freezing.
The frost giant freezes you.
You slash the frost giant!
The frost giant is poisoned.
You tail-slap the frost giant!
The frost giant is lightly wounded.
You hit the frost giant.
The frost giant looks as sick as possible!
The frost giant is moderately wounded.
The frost giant hits you with a +2 battleaxe of freezing!!
You feel yourself slow down. The frost giant freezes you!
* * * LOW HITPOINT WARNING * * *
You slash the frost giant!
The frost giant looks as sick as possible!
The frost giant is moderately wounded.
You hit the frost giant but do no damage.
The frost giant looks as sick as possible!
You tail-slap the frost giant.
The frost giant is moderately wounded.
The frost giant hits you with a +2 battleaxe of freezing!!
* * * LOW HITPOINT WARNING * * *
The frost giant freezes you!
* * * LOW HITPOINT WARNING * * *
You are too berserk!
You hit the frost giant.
The frost giant looks as sick as possible!
You tail-slap the frost giant.
The frost giant is heavily wounded.
You feel yourself speed up.
The frost giant hits you with a +2 battleaxe of freezing!!
You die...

.....≈#≈..........§§#######...
[...W.'......⌠(.....#...###...
...W.≈#≈...........≈#...#.....
.⌠..§ #≈≈..⌠...⌠..≈≈#...#....^
...≈ #≈≈≈...)...≈§≈#...#..... ..≈
#≈≈§§..(..≈≈≈≈#...#..... .§
#≈≈§§≈...≈≈≈≈≈#...'..... ≈
#≈≈§§≈≈C≈≈≈≈≈≈#...#.....
################@#######...##'###
≈≈.≈≈≈≈≈≈#≈§≈≈≈§.≈≈§§§≈###'#.....
≈...≈≈≈≈≈#§≈≈≈≈§..≈§§≈≈#...#.....
.....§§≈≈#§§≈≈...§.≈≈≈§#...#..###
......≈§§#§§≈..§....≈§≈#...'.....
⌠...⌠..≈§#≈≈..⌠..)⌠..≈≈#...#.....
.......§§#≈...........≈#...#.....
..⌠.....§'.§....⌠......#...#.....
........§#§§§)........≈#...#.....


You could see a frost giant (extremely poisoned).

Vanquished Creatures
  Josephine (D:9)
  A catoblepas (D:13)
  3 centaur warriors (D:13)
  4 boulder beetles
  An ogre mage (D:13)
  5 two-headed ogres
  Urug (D:10)
  A phantasmal warrior (D:13)
  2 deep elf pyromancers (D:13)
  A harpy (shapeshifter) (D:13)
  An orc knight (D:13)
  2 ugly things
  3 cyclopes
  2 manticores
  Maurice (D:13)
  5 gargoyles
  A komodo dragon (D:8)
  A troll (D:12)
  3 meliai (D:13)
  4 hornets
  8 slime creatures (D:13)
  A meliai zombie (D:11)
  7 wraiths
  2 shadows
  3 redbacks (D:9)
  18 yaks
  10 vampire mosquitoes
  A steam dragon (D:6)
  4 wargs (D:10)
  2 acid dragons
  3 water moccasins
  Duvessa (D:6)
  2 hornet zombies (D:8)
  Purgy (Sewer)
  A sky beast (D:5)
  8 orc warriors
  A necrophage (D:5)
  3 ogres
  5 centaurs
  The ghost of p0werm0de the Skirmisher, an amateur GrFi (D:4)
  2 phantoms
  2 kobold brigands
  6 bullfrogs
  2 scorpions (D:8)
  A gnoll sergeant (D:13)
  Dowan (D:6)
  8 killer bees (D:8)
  6 howler monkeys
  3 lava snakes (D:13)
  A bullfrog zombie (D:6)
  2 centaur zombies
  14 orc priests
  A hound (D:6)
  2 jellies (D:4)
  Crazy Yiuf (D:3)
  A bullfrog skeleton (D:7)
  A centaur skeleton (D:6)
  3 iguanas
  9 orc wizards
  Natasha (thrice) (D:3)
  A hound zombie (D:5)
  A gnoll (D:1)
  4 adders
  2 shadow imps
  An ufetubus (D:5)
  An adder skeleton (D:4)
  A dart slug (D:4)
  61 orcs
  9 bats
  2 endoplasms
  7 giant cockroaches
  9 goblins
  4 hobgoblins
  16 jackals
  6 quokkas
  6 ball pythons
  A frilled lizard (D:2)
  20 kobolds
  3 rats
  A spectral goblin (D:7)
350 creatures vanquished.

Vanquished Creatures (others)
  A killer bee (D:8)
  46 fungi (D:8)
  50 plants
97 creatures vanquished.

Grand Total: 447 creatures vanquished

Notes
Turn   | Place    | Note
-------+----------+-------------------------------------------
     0 | D:1      | st0uf the Draconian Berserker began the quest for the Orb.
     0 | D:1      | Reached XP level 1. HP: 19/19 MP: 1/1
    50 | D:1      | Found a faded altar of an unknown god.
   258 | D:1      | Reached XP level 2. HP: 22/26 MP: 2/2
   288 | D:1      | Reached XP level 3. HP: 33/33 MP: 3/3
  1560 | D:2      | Reached ** piety under Trog
  1565 | D:2      | Reached skill level 4 in Long Blades
  1594 | D:2      | Found Kaxkearph's General Store.
  2012 | D:3      | Noticed a bullfrog
  2013 | D:3      | Reached XP level 4. HP: 40/40 MP: 4/4
  2022 | D:3      | Killed a bullfrog
  2023 | D:3      | Reached skill level 1 in Evocations
  2024 | D:3      | Noticed Natasha
  2028 | D:3      | Killed Natasha
  2029 | D:3      | Reached XP level 5. HP: 46/46 MP: 5/5
  2122 | D:3      | Found a runed translucent door.
  2123 | D:3      | Noticed Crazy Yiuf
  2132 | D:3      | Killed Crazy Yiuf
  2347 | D:3      | Noticed Natasha
  2358 | D:3      | Killed Natasha
  2359 | D:3      | Reached skill level 1 in Stealth
  2627 | D:3      | Noticed Natasha
  2641 | D:3      | Killed Natasha
  3009 | D:4      | Found a stormy altar of Qazlal.
  3030 | D:4      | Noticed a phantom
  3043 | D:4      | Killed a phantom
  3044 | D:4      | Reached skill level 5 in Long Blades
  3044 | D:4      | Reached XP level 6. HP: 53/53 MP: 6/6
  3408 | D:4      | Found a white marble altar of Elyvilon.
  3409 | D:4      | Found a shimmering altar of Xom.
  3442 | D:4      | Found a runed translucent gate.
  3443 | D:4      | Found a runed translucent gate.
  3444 | D:4      | Found a runed translucent gate.
  3450 | D:4      | Noticed p0werm0de's ghost (amateur GrFi)
  3574 | D:4      | Found a radiant altar of Vehumet.
  3879 | D:4      | Killed p0werm0de's ghost
  3940 | D:5      | Entered Level 5 of the Dungeon
  3984 | D:5      | Your scales start taking on a lurid green colour.
  3984 | D:5      | Reached XP level 7. HP: 34/60 MP: 7/7
  3984 | D:5      | Gained mutation: Your system is resistant to poisons.
                  | (rPois) [Green Draconian growth]
  4040 | D:5      | Reached *** piety under Trog
  4075 | D:5      | Found a glowing drain.
  4101 | Sewer    | Entered a sewer
  4115 | Sewer    | Noticed Purgy
  4129 | Sewer    | Killed Purgy
  4130 | Sewer    | Reached skill level 6 in Long Blades
  4342 | D:5      | Reached skill level 5 in Fighting
  4560 | D:5      | Found a runed translucent door.
  4747 | D:5      | Reached XP level 8. HP: 68/68 MP: 8/8
  5191 | D:5      | Reached skill level 7 in Long Blades
  5607 | D:5      | Found a sacrificial altar of Ru.
  5679 | D:5      | Reached skill level 5 in Dodging
  6625 | D:5      | Reached **** piety under Trog
  6800 | D:5      | Reached XP level 9. HP: 52/75 MP: 9/9
  7000 | D:6      | Reached skill level 5 in Evocations
  7005 | D:6      | Reached skill level 5 in Stealth
  7076 | D:6      | Noticed Duvessa
  7076 | D:6      | Noticed Dowan
  7096 | D:6      | Killed Duvessa
  7097 | D:6      | Reached skill level 8 in Long Blades
  7100 | D:6      | Killed Dowan
  7361 | D:6      | Found a bloodstained altar of Trog.
  7362 | D:6      | Found an iron altar of Okawaru.
  7366 | D:6      | Found an opulent altar of Gozag.
  7819 | D:6      | Found a staircase to the Ecumenical Temple.
  7902 | D:7      | Found a shadowy altar of Dithmenos.
  8212 | D:7      | Found a basalt altar of Yredelemnul.
  8469 | D:7      | Noticed a manticore
  8502 | D:7      | Killed a manticore
  8503 | D:7      | Reached skill level 9 in Long Blades
  8503 | D:7      | Reached XP level 10. HP: 46/86 MP: 10/10
  8833 | D:7      | Found a hazy altar of Hepliaklqana.
  9459 | D:8      | Found a staircase to the Lair.
 11164 | D:9      | Noticed a two-headed ogre
 11181 | D:9      | Killed a two-headed ogre
 11443 | D:9      | Paralysed by a hornet for 1 turns
 11546 | D:9      | Found a runed translucent door.
 11851 | D:9      | Reached skill level 10 in Long Blades
 11873 | D:9      | Found a broken altar of Ashenzari.
 12223 | D:9      | Noticed a boulder beetle
 12252 | D:9      | Killed a boulder beetle
 12253 | D:9      | Reached XP level 11. HP: 94/94 MP: 11/11
 12292 | D:9      | Identified the amulet "Ifrioc" {Reflect -Cast Rampage rElec
                  | SH+5}
 12327 | D:10     | Entered Level 10 of the Dungeon
 12330 | D:10     | Noticed Josephine
 12541 | D:9      | Killed Josephine
 12715 | D:10     | Found a staircase to the Orcish Mines.
 13067 | D:10     | Noticed Urug
 13088 | D:10     | Killed Urug
 13230 | D:10     | Reached ***** piety under Trog
 13628 | D:10     | Found a shimmering blue altar of Sif Muna.
 13839 | D:11     | Identified the +6 spear "Wefum" {protect, rF+ SInv}
 13909 | D:11     | Noticed a cyan ugly thing
 13934 | D:11     | Killed a cyan ugly thing
 13935 | D:11     | Reached skill level 1 in Shields
 14313 | D:11     | Reached skill level 11 in Long Blades
 14489 | D:11     | Noticed a two-headed ogre
 14503 | D:11     | Killed a two-headed ogre
 15140 | D:12     | Reached XP level 12. HP: 90/103 MP: 12/12
 15534 | D:12     | Noticed a boulder beetle
 15547 | D:12     | Killed a boulder beetle
 15589 | D:12     | Found a burning altar of Makhleb.
 15611 | D:12     | Noticed a six-headed hydra
 15990 | D:12     | Noticed a two-headed ogre
 16005 | D:12     | Killed a two-headed ogre
 16171 | D:13     | Noticed Maurice
 16186 | D:13     | Killed Maurice
 16243 | D:13     | Noticed a centaur warrior
 16256 | D:13     | Killed a centaur warrior
 16257 | D:13     | Reached skill level 12 in Long Blades
 16381 | D:13     | Noticed a boulder beetle
 16405 | D:13     | Killed a boulder beetle
 16540 | D:13     | Noticed a centaur warrior
 16766 | D:13     | Noticed a catoblepas
 16777 | D:13     | Found a gate to the Vaults.
 16777 | D:13     | Noticed a two-headed ogre
 16777 | D:13     | Noticed a two-headed ogre
 16790 | D:13     | Killed a two-headed ogre
 16807 | D:13     | Killed a centaur warrior
 16808 | D:13     | Killed a two-headed ogre
 16825 | D:13     | Noticed an ogre mage
 17119 | D:13     | Killed an ogre mage
 17336 | D:13     | Received a gift from Trog
 17746 | D:13     | Noticed a centaur warrior
 17938 | D:13     | Noticed a boulder beetle
 17958 | D:13     | Killed a boulder beetle
 17959 | D:13     | Reached skill level 10 in Fighting
 18037 | D:13     | Found a runed translucent door.
 18038 | D:13     | Noticed a two-headed ogre
 18039 | D:13     | Noticed a sphinx
 18136 | D:13     | Reached XP level 13. HP: 88/113 MP: 13/13
 18145 | D:13     | Reached skill level 10 in Evocations
 19075 | D:13     | Reached skill level 13 in Long Blades
 19446 | D:13     | Noticed a frost giant
 19475 | D:13     | Demolished by a frost giant

Illustrated notes

Levels and vault maps discovered:
D:1:      lemuel_arrival_cross, layout_loops_ring,
          ebering_ecumenical_altar_abandoned, minmay_octomino_c4
D:2:      layout_basic, serial_shops, shop
D:3:      layout_loops_cross, hangedman_decor_diamond_cutter,
          minmay_stone_trees_medium, chequers_avenue, uniq_natasha,
          uniq_crazy_yiuf_cottage
D:4:      layout_rooms, nicolae_vehumet_radiance, kennysheep_mini_moat,
          gammafunk_temple_overflow_pools, ebering_ghost_rock_garden, hex_tiny
D:5:      layout_loops_corners, nicolae_overflow_hidden_temple,
          gup_sewer_entry_pipe, lightli_church_of_beogh
D:6:      layout_cave_pools, grunt_gozag_statues,
          grunt_temple_overflow_bloody_war, minmay_temple_entry_poolview,
          uniq_duvessa
D:7:      layout_basic, yredelemnul_forgotten_temple_becter,
          amcnicky_altar_gilded, nicolae_hepliaklqana_monster_ancestors
D:8:      layout_layer_cave, due_lair_maze_entry_diamond, special_room
          [special_room_orc]
D:9:      gammafunk_indiana_jones, layout_basic, kennysheep_little_box
D:10:     layout_basic, general_overflow_altar, minmay_orc_entry_guard_dogs,
          uniq_josephine, uniq_urug
D:11:     layout_cave_pods, dk_noncrumbling_3
D:12:     layout_roguey, nicolae_two_hexagons, bloody_makhleb
D:13:     kennysheep_four_of_diamonds, layout_stronghold, david_vaults_2,
          minmay_st_funbox, serial_bayou_pond_a, grunt_ministairs_10,
          minivault_23, uniq_maurice

Skill      XL: |  1  2  3  4  5  6  7  8  9 10 11 12 13 |
---------------+----------------------------------------+-----
Dodging        | 3 4 5 6 7 9 |  9.5
Long Blades    | 4 5 6 7 9 10 11 12 13 | 13.0
Fighting       | 4 5 7 8 10 | 10.4
Evocations     | 1 2 3 4 6 7 8 9 10 | 10.3
Stealth        | 1 2 4 5 7 8 |  8.0
Shields        | 2 3 |  3.9

Action                   |  1- 3 |  4- 6 |  7- 9 | 10-12 | 13-15 || total
-------------------------+-------+-------+-------+-------+-------++-------
Melee: Falchion          |    83 |   146 |   456 |   971 |   177 ||  1833
       Tailslap          |    13 |    26 |   102 |   251 |    52 ||   444
       Long sword        |       |       |       |    11 |       ||    11
Invok: Berserk           |     1 |     5 |     6 |    17 |     3 ||    32
       Trog's Hand       |       |       |     1 |       |     1 ||     2
 Abil: Breathe Noxious F |       |       |    25 |    35 |     8 ||    68
 Stab: Sleeping          |     1 |     1 |     3 |    10 |       ||    15
       Distracted        |       |     1 |       |     1 |       ||     2
       Confused          |       |       |    34 |    73 |     4 ||   111
Armor: Skin              |    33 |    52 |   159 |   201 |    31 ||   476
Dodge: Dodged            |    70 |    73 |   267 |   623 |    71 ||  1104
Block: Other             |       |       |       |   102 |    22 ||   124
       Reflection        |       |       |       |     2 |     5 ||     7
       Rpst.: Falchion   |    24 |    24 |    75 |   186 |    15 ||   324
       Long sword        |       |       |       |     1 |       ||     1

Table legend: (Time is in decaauts)
 A = Elapsed time spent in this place.
 B = Non-inter-level travel time spent in this place.
 C = Inter-level travel time spent in this place.
 D = Time resting spent in this place.
 E = Time spent auto-exploring this place.
 F = Levels seen in this place.
 G = Mean time per level.
                   A        B        C        D        E       F      G
               +--------+--------+--------+--------+--------+-----+--------+
         Total |  19530 |  19030 |    500 |   4525 |  10607 |  14 | 1395.0 |
       Dungeon |  19306 |  18806 |    500 |   4472 |  10520 |  13 | 1485.1 |
         Sewer |    223 |    223 |      0 |     53 |     87 |   1 |  223.0 |
               +--------+--------+--------+--------+--------+-----+--------+

Top non-repeatable levels by time:
    D:13: 3274 daAuts
     D:5: 2576 daAuts
     D:8: 2000 daAuts
     D:9: 1488 daAuts
    D:10: 1381 daAuts
     D:4: 1251 daAuts
    D:11: 1237 daAuts
     D:3: 1125 daAuts
     D:7: 1098 daAuts
     D:2: 1039 daAuts
    D:12: 1021 daAuts
     D:6: 1001 daAuts
     D:1: 812 daAuts
   Sewer: 223 daAuts
